 Dungeon Crawl Stone Soup version 0.24.0-125-gc4c63601f3 (webtiles) character file.

Game seed: 14302042771167937938, levelgen mode: deterministic

11926 Amplified the Cleaver (level 11, 0/103 HPs)
             Began as a Hill Orc Assassin on Mar 1, 2020.
             Was a High Priest of the Shining One.
             Slain by a death yak simulacrum (30 damage)
             ... in an ice cave.
             The game lasted 00:15:48 (8688 turns).

Amplified the Cleaver (Hill Orc Assassin)           Turns: 8688, Time: 00:15:48

Health: 0/103      AC: 12    Str: 24    XL:     11   Next: 85%
Magic:  7/16       EV: 11    Int: 11    God:    the Shining One [*****.]
Gold:   493        SH: 20    Dex: 14    Spells: 10/10 levels left

rFire    . . .     SeeInvis .   w - +1 war axe
rCold    . . .     Gourm    .   c - +0 large shield
rNeg     + + .     Faith    .   g - +0 ring mail
rPois    .         Spirit   .   (no helmet)
rElec    .         Reflect  +   H - scarf {repulsion}
rCorr    .         Harm     .   n - +2 pair of gloves
MR       .....                  G - +1 pair of boots
Stlth    +.........             m - +4 amulet of reflection
HPRegen  0.27/turn              (no ring)
MPRegen  0.15/turn              E - +6 ring of strength

@: glowing, repel missiles
A: agile 1, subdued magic 1, sturdy frame 1
a: Divine Shield, Cleansing Flame, Summon Divine Warrior, Renounce Religion


You were in an ice cave.
You worshipped the Shining One.
The Shining One was extremely pleased with you.
You were full.

You visited 2 branches of the dungeon, and saw 12 of its levels.
You also visited: Ossuary and Ice Cave.

You collected 560 gold pieces.
You spent 67 gold pieces at shops.

Inventory:

Hand Weapons
 w - a +1 war axe (weapon)
Missiles
 d - 79 poisoned darts
 J - 8 atropa-tipped darts
 O - 7 curare-tipped darts (quivered)
Armour
 c - a +0 large shield (worn)
 g - a +0 ring mail (worn)
 n - a +2 pair of gloves (worn)
 q - a +0 shield
 G - a +1 pair of boots (worn)
 H - a scarf of repulsion (worn)
Jewellery
 b - an uncursed amulet of guardian spirit {unknown}
 i - a cursed amulet of inaccuracy {unknown}
 m - a +4 amulet of reflection (around neck)
 D - an uncursed ring of positive energy
 E - a +6 ring of strength (right hand)
Wands
 r - a wand of flame (25)
 y - a wand of iceblast (13)
 F - a wand of enslavement (11)
 L - a wand of polymorph (5)
 N - a wand of acid (10)
Scrolls
 e - 4 scrolls of remove curse
 j - 3 scrolls of fog
 u - 3 scrolls of blinking
 x - 8 scrolls of teleportation
 B - a scroll of fear
 I - a scroll of magic mapping
 M - 5 scrolls of enchant weapon
Potions
 h - 5 potions of curing
 k - a potion of agility
 l - a potion of flight
 o - 3 potions of haste
 p - a potion of ambrosia
 s - 5 potions of cancellation
 t - 3 potions of brilliance {unknown}
 v - 3 potions of magic {unknown}
 z - a potion of degeneration {unknown}
 A - 2 potions of resistance {unknown}
 C - 2 potions of berserk rage {unknown}
 P - a potion of might
Comestibles
 f - 17 rations


   Skills:
 * Level 11.6 Fighting
   Level 2.0 Short Blades
 * Level 14.0 Axes
 - Level 1.7 Throwing
 - Level 8.4 Armour
 - Level 6.5 Dodging
 - Level 3.2 Stealth
 * Level 6.4 Shields
 * Level 7.2 Invocations


You had 10 spell levels left.
You didn't know any spells.
Your spell library was empty.

Dungeon Overview and Level Annotations

Branches:
Dungeon (11/15)            Temple (1/1) D:4            Lair (0/6) D:10
Ossuary (visited)           IceCv (1/1)
    Orc: D:9-12

Altars:
Ashenzari
Cheibriados
Dithmenos
Elyvilon
Fedhas
Gozag
Hepliaklqana
Kikubaaqudgha
Makhleb
Nemelex Xobeh
Okawaru
Qazlal
Ru
Sif Muna
Trog
Uskayaw
Vehumet
Wu Jian
Xom
Yredelemnul
Zin
The Shining One
Beogh

Shops:
D:7 *

Annotations:
Temple Longgame


Innate Abilities, Weirdness & Mutations

You are agile. (Dex +2)
Your spells are a little easier to cast, but a little less powerful.
Your movements are slightly less encumbered by armour. (ER -2)


Message History

Unknown command.
You fail to use your ability.
You block the death yak simulacrum's attack.
Unknown command.
Unknown command.
Unknown command.
The golden flame engulfs you but does no damage.
You resist.
The golden flame engulfs the death yak simulacrum!!
The death yak simulacrum writhes in agony!
The death yak simulacrum is almost destroyed.
You feel somewhat less full.
The Shining One is no longer ready to bless your weapon.
Unknown command.
You hit the death yak simulacrum.
The death yak simulacrum is almost destroyed.
The death yak simulacrum gores you!
* * * LOW HITPOINT WARNING * * *
The death yak simulacrum freezes you!!
You die...

#####
##...##
##..∩..##
#..@....#
#..Z∩...#
##.....##
##...##
#...#
...##
#...#
##...
##..


You could see a death yak simulacrum.

Vanquished Creatures
  An ugly thing (D:11)
  A gargoyle (D:10)
  A queen bee (shapeshifter) (D:10)
  A hornet (D:8)
  A wolf spider simulacrum (IceCv)
  3 hippogriffs (D:8)
  Grinder (D:3)
  Sigmund (D:3)
  A human (D:7)
  4 hogs (D:7)
  15 yaks
  A porcupine (D:10)
  A water moccasin (D:8)
  6 orc warriors
  An ice beast (D:7)
  5 sky beasts
  A hornet zombie (D:8)
  A black bear (D:8)
  2 phantoms
  2 ogres
  3 centaurs
  A crocodile (D:7)
  3 big kobolds
  7 bullfrogs
  2 water moccasin zombies (Ossuary)
  3 scorpions
  2 elephant simulacra (IceCv)
  5 killer bees (D:8)
  4 wights (D:9)
  3 howler monkeys (D:10)
  A bullfrog zombie (D:10)
  4 crimson imps
  3 centaur zombies
  8 hounds
  A quasit (D:8)
  A centaur skeleton (D:5)
  A gnoll shaman (D:6)
  10 orc priests
  2 bullfrog skeletons
  4 jellies
  11 orc wizards
  6 iguanas
  Terence (D:2)
  Natasha (thrice) (D:2)
  9 worker ants
  3 big kobold zombies (Ossuary)
  2 hound skeletons
  3 mummies
  9 gnolls
  9 adders
  2 howler monkey skeletons
  7 shadow imps
  8 oozes
  4 adder skeletons
  5 adder zombies (Ossuary)
  A dart slug (D:1)
  6 leopard geckos
  41 orcs
  A ball python (D:6)
  4 giant cockroaches
  7 goblins
  6 hobgoblins
  16 jackals
  5 quokkas
  7 bats
  3 frilled lizards
  2 gnoll zombies (Ossuary)
  10 hobgoblin zombies
  27 kobolds
  7 kobold zombies
  8 orc zombies (Ossuary)
  A quokka skeleton (D:4)
  8 rats
  2 fungi (D:10)
362 creatures vanquished.

Vanquished Creatures (others)
  A centaur (D:8)
  2 kobolds (D:8)
  3 fungi (D:10)
  10 toadstools (D:2)
16 creatures vanquished.

Grand Total: 378 creatures vanquished

Notes
Turn   | Place    | Note
-------+----------+-------------------------------------------
     0 | D:1      | Amplified the Hill Orc Assassin began the quest for the
                  | Orb.
     0 | D:1      | Reached XP level 1. HP: 18/18 MP: 1/1
    79 | D:1      | Reached skill level 1 in Dodging
   116 | D:1      | Reached XP level 2. HP: 20/25 MP: 2/2
   132 | D:1      | Reached skill level 1 in Armour
   656 | D:1      | Reached XP level 3. HP: 30/31 MP: 3/3
   866 | D:2      | Noticed Terence
   871 | D:2      | Killed Terence
   871 | D:2      | Reached XP level 4. HP: 31/38 MP: 4/4
   871 | D:2      | Noticed Natasha
   886 | D:2      | Killed Natasha
  1126 | D:2      | Found a sparkling altar of Nemelex Xobeh.
  1243 | D:2      | Noticed Natasha
  1265 | D:2      | Killed Natasha
  1265 | D:2      | Reached XP level 5. HP: 28/46 MP: 5/5
  1798 | D:2      | Noticed Natasha
  1803 | D:2      | Killed Natasha
  1808 | D:2      | Reached XP level 6. HP: 60/63 MP: 6/6
  1809 | D:2      | Reached skill level 11 in Axes
  1809 | D:2      | Reached XP level 7. HP: 67/70 MP: 7/7
  2383 | D:3      | Found a blossoming altar of Fedhas.
  2431 | D:3      | Found an ancient bone altar of Kikubaaqudgha.
  2608 | D:3      | Noticed Sigmund
  2636 | D:3      | Killed Sigmund
  2636 | D:3      | Reached XP level 8. HP: 78/78 MP: 8/8
  2686 | D:3      | Noticed Grinder
  2695 | D:3      | Killed Grinder
  3058 | D:4      | Found a staircase to the Ecumenical Temple.
  3110 | Temple   | Entered the Ecumenical Temple
  3244 | Temple   | Gained mutation: Your movements are slightly less
                  | encumbered by armour. (ER -2) [potion of mutation]
  3244 | Temple   | Gained mutation: Your spells are a little easier to cast,
                  | but a little less powerful. [potion of mutation]
  3244 | Temple   | Gained mutation: You are agile. (Dex +2) [potion of
                  | mutation]
  3360 | Temple   | Became a worshipper of the Shining One
  3396 | D:4      | Found a glowing silver altar of Zin.
  3997 | D:5      | Entered Level 5 of the Dungeon
  4118 | D:5      | Reached skill level 12 in Axes
  4375 | D:6      | Found a shimmering blue altar of Sif Muna.
  4425 | D:6      | Reached skill level 1 in Shields
  4522 | D:6      | Reached XP level 9. HP: 66/85 MP: 9/9
  4546 | D:6      | Found a sand-covered staircase.
  4554 | Ossuary  | Entered an ossuary
  4646 | Ossuary  | Reached * piety under the Shining One
  4691 | Ossuary  | Reached ** piety under the Shining One
  4733 | Ossuary  | Reached *** piety under the Shining One
  4935 | D:6      | Reached skill level 1 in Invocations
  5439 | D:6      | Found a shimmering blue altar of Sif Muna.
  5439 | D:6      | Found a bloodstained altar of Trog.
  5593 | D:7      | Reached **** piety under the Shining One
  5762 | D:7      | Found Fyrph's General Store.
  5770 | D:7      | Bought a +0 large shield for 67 gold pieces
  5938 | D:7      | Reached skill level 10 in Fighting
  6147 | D:8      | Reached XP level 10. HP: 91/93 MP: 11/11
  6884 | D:8      | Reached ***** piety under the Shining One
  6891 | D:8      | Reached skill level 13 in Axes
  7185 | D:9      | Found a stormy altar of Qazlal.
  7185 | D:9      | Found a shimmering altar of Xom.
  7248 | D:9      | Reached skill level 5 in Invocations
  7280 | D:9      | Reached XP level 11. HP: 65/101 MP: 14/14
  7425 | D:9      | Found a sacrificial altar of Ru.
  7603 | D:10     | Entered Level 10 of the Dungeon
  7645 | D:10     | Reached skill level 5 in Shields
  7922 | D:10     | Reached ****** piety under the Shining One
  7979 | D:10     | Found a roughly hewn altar of Beogh.
  8139 | D:10     | Found a staircase to the Lair.
  8591 | D:11     | Noticed a brown ugly thing
  8602 | D:11     | Killed a brown ugly thing
  8651 | D:11     | Found a frozen archway.
  8668 | D:11     | Noticed a cyclops
  8675 | IceCv    | Entered an ice cave
  8680 | IceCv    | Reached skill level 14 in Axes
  8688 | IceCv    | Slain by a death yak simulacrum

Levels and vault maps discovered:
D:1:      shiori_arrival_oz, layout_rooms, minmay_crystal_water
D:2:      cheibrodos_fertilizer, layout_loops_ring,
          nemelex_xobeh_ov_fountains_minmay, uniq_terence, uniq_natasha
D:3:      layout_basic, old_standard_altar, overflow_temple_1_default,
          first_ration, uniq_sigmund, uniq_grinder
D:4:      layout_basic, old_standard_altar, minmay_temple_entry_antechambers
D:5:      kennysheep_spiral_hall, layout_loops_ring
D:6:      layout_basic, gammafunk_temple_overflow_wave, basic_altar,
          nicolae_ossuary_entry_giza
D:7:      layout_rooms, serial_shops, nicolae_shop_crystal, grunt_livestock
D:8:      minmay_quarter_circles, layout_basic
D:9:      layout_rooms, nicolae_ru_the_path_less_chosen,
          amethyst_overflow_temple_binary
D:10:     layout_basic, grunt_lair_entry_orc_guard_hut, david_defended_altar_orc
D:11:     layout_irregular_city, portal_ice_cave_entry_pillars_1,
          serial_column_ruins, column_ruins_square_huge, column_ruins_grid_1,
          column_ruins_grid_2, column_ruins_open_tiny, column_ruins_grid_1,
          column_ruins_open_medium, column_ruins_open_tiny_water,
          column_ruins_grid_1
Temple:   oiseaux_autumnal_temple
IceCv:    ice_cave_small_necro

Skill      XL: |  1  2  3  4  5  6  7  8  9 10 11 |
---------------+----------------------------------+-----
Dodging        | 1 2 6 |  6.5
Armour         | 1 2 8 |  8.4
Fighting       | 3 4 9 10 11 | 11.6
Axes           | 11 12 13 14 | 14.0
Shields        | 1 2 4 6 |  6.4
Invocations    | 2 5 7 |  7.2
Short Blades   | |  2.0
Throwing       | |  1.7
Stealth        | |  3.2

Action                   |  1- 3 |  4- 6 |  7- 9 | 10-12 || total
-------------------------+-------+-------+-------+-------++-------
Melee: Dagger            |    87 |    66 |    98 |       ||   251
       War axe           |       |       |   312 |   516 ||   828
Throw: Dart              |     4 |    11 |     5 |       ||    20
Invok: Divine Shield     |       |       |     1 |       ||     1
       Cleansing Flame   |       |       |       |     2 ||     2
Evoke: Wand              |       |       |     3 |       ||     3
  Use: Scroll            |     5 |     2 |     8 |     6 ||    21
       Potion            |       |     3 |     7 |     4 ||    14
 Stab: Distracted        |     1 |       |       |       ||     1
       Sleeping          |       |     3 |     2 |       ||     5
  Eat: Chunk             |       |     2 |     2 |     3 ||     7
       Ration            |       |       |     4 |     3 ||     7
Armor: Ring mail         |    43 |    22 |    94 |    92 ||   251
       Skin              |       |       |     6 |       ||     6
Dodge: Dodged            |    38 |    31 |   141 |   115 ||   325
       Deflected         |       |       |       |     1 ||     1
Block: Other             |    11 |    13 |    18 |       ||    42
       Shield            |       |       |    68 |       ||    68
       Large shield      |       |       |    46 |   468 ||   514
       Reflection        |       |       |     2 |    17 ||    19
